 Dungeon Crawl Stone Soup version 0.31-a0-704-g1016066182 (webtiles) character file.

Game seed: 5012609577967604557

19 Kaliber the Trooper (level 2, -4/24 HPs)
             Began as a Human Berserker on Sept 9, 2023.
             Was a Follower of Trog.
             Slain by Sigmund
             ... wielding a +0 scythe
              (12 damage)
             ... on level 2 of the Dungeon.
             The game lasted 00:06:30 (1232 turns).

Kaliber the Trooper (Human Berserker)               Turns: 1232, Time: 00:06:30

Health: -4/24      AC:  2    Str: 17    XL:     2   Next: 95%
Magic:  2/2        EV: 12    Int:  7    God:    Trog [*.....]
Gold:   37         SH:  0    Dex: 12    Spells: 1/1 levels left

rFire   . . .        a - +0 mace
rCold   . . .        (no shield)
rNeg    . . .        b - +0 animal skin
rPois   .            (no helmet)
rElec   .            (no cloak)
rCorr   .            (no gloves)
SInv    .            (no boots)
Will    .....        (no amulet)
Stlth   +            (no ring)
HPRegen 0.24/turn    (no ring)
MPRegen 0.08/turn

%: no passive effects
@: confused
A: no striking features
a: Renounce Religion, Berserk


You were on level 2 of the Dungeon.
You worshipped Trog.
Trog was aware of your devotion.
You visited 1 branch of the dungeon, and saw 2 of its levels.

You collected 37 gold pieces.

Inventory:

Hand Weapons
 a - a +0 mace (weapon)
 c - a +0 hand axe
 d - a +0 short sword
 e - a +0 hand axe
 f - a +0 club
 h - a +0 dagger
 i - a +0 club
 l - a +0 dagger
 o - a +0 short sword
 r - a +0 spear
 s - a +0 spear
 v - a +0 whip
Missiles
 p - 2 stones
Armour
 b - a +0 animal skin (worn)
 g - a +1 ring mail of poison resistance
 j - a +0 scale mail
 k - a +0 ring mail
 t - a +0 robe
Potions
 m - a potion of enlightenment {unknown}
 n - a potion of heal wounds {unknown}
 q - a potion of attraction {unknown}
 u - a potion of haste {unknown}


   Skills:
 + Level 3.3 Fighting
 + Level 3.2 Maces & Flails
 + Level 2.2 Armour
 + Level 2.2 Dodging


You had one spell level left.
You didn't know any spells.
Your spell library was empty.

Dungeon Overview and Level Annotations

Branches:
Dungeon (2/15)

Altars:

Annotations:
D:2 Sigmund


Message History

You barely miss the bat. The bat barely misses you. The bat closely misses you.
The bat barely misses you.
You thump the bat!
You kill the bat!
Trog accepts your kill.
u - a grey potion
Things that are here:
a +0 whip; a kobold corpse
v - a +0 whip
There is a shaft here.
An endoplasm comes into view.
The endoplasm quivers.
You sock the endoplasm!
You kill the endoplasm!
Trog accepts your kill.
A rat comes into view.
You hit the rat but do no damage. The rat bites you but does no damage.
You closely miss the rat. The rat completely misses you.
You barely miss the rat. The rat closely misses you.
You thump the rat!
You kill the rat!
Trog accepts your kill.
Found a bloodstained leather armour.
Sigmund the Dreaded comes into view.
He is wielding a +0 scythe.
Sigmund shouts!
Sigmund mumbles some strange words.
Sigmund flickers and vanishes!
Deactivating autopickup; reactivate with Ctrl-A.
You hear some strange, mumbled words.
You are confused.
Something hits you.
You hit something.
You hear some strange, mumbled words.
A puff of flame appears from out of thin air!
The puff of flame hits you!
You bump into the rock wall.
Something hits you!
* * * LOW HITPOINT WARNING * * *
You barely miss something. Something hits you!
Ouch! That really hurt!
You die...

###### #..[.# #....# ## # ####
#....# ..
#.##...#######....###### ##
#......................##
#....†......#........#
###...<.....#.#####..#
#####.........#@# #...#########
.........>....#{# #...........#
.........^....#.# #...#######.#
...............#.# #...#.......#
.............#.#.####...##.##.###
........####.#.#.................
>.......# #.# .......#.#.....###
....... #.##########.#####.#
....... #............# #.#


There were no monsters in sight!

Vanquished Creatures
  3 endoplasms
  A giant cockroach (D:1)
  A hobgoblin (D:1)
  A ball python (D:1)
  3 bats
  3 goblins (D:1)
  3 kobolds
  3 rats
18 creatures vanquished.

Notes
Turn   | Place    | Note
-------+----------+-------------------------------------------
     0 | D:1      | Kaliber the Human Berserker began the quest for the Orb.
     0 | D:1      | Reached XP level 1. HP: 18/18 MP: 1/1
   529 | D:1      | Reached XP level 2. HP: 14/24 MP: 2/2
  1226 | D:2      | Noticed Sigmund
  1232 | D:2      | Slain by Sigmund

Illustrated notes

Levels and vault maps discovered:
D:1:      heliophobic_arrival_henge, layout_basic
D:2:      layout_basic, cheibrodos_gnoll_hut, uniq_crazy_yiuf_cottage,
          uniq_natasha, uniq_sigmund

Action                     || total
---------------------------++-------
  Melee: Mace              ||    54
 Invoke: Berserk           ||     1
    Use: Scroll            ||     1
 Armour: Animal skin       ||    36
  Dodge: Dodged            ||    37

Table legend: (Time is in decaauts)
 A = Elapsed time spent in this place.
 B = Non-inter-level travel time spent in this place.
 C = Inter-level travel time spent in this place.
 D = Time resting spent in this place.
 E = Time spent auto-exploring this place.
 F = Levels seen in this place.
 G = Mean time per level.
                   A        B        C        D        E       F      G
               +--------+--------+--------+--------+--------+-----+--------+
         Total |   1261 |   1161 |    100 |      0 |      0 |   2 |  630.5 |
       Dungeon |   1261 |   1161 |    100 |      0 |      0 |   2 |  630.5 |
               +--------+--------+--------+--------+--------+-----+--------+

Top non-repeatable levels by time:
     D:1: 971 daAuts
     D:2: 290 daAuts
